 Dungeon Crawl Stone Soup version 0.31-a0-1626-g5cb510d322 (webtiles) character file.

Game seed: 15478451599467457917

180584 Pooter the Executioner (level 17, 0/160 HPs)
             Began as a Minotaur Berserker on Jan 9, 2024.
             Was a High Priest of Trog.
             Killed by Olgreb's Toxic Radiance
             ... invoked by a naga ritualist
              (2 damage)
             ... on level 4 of the Snake Pit on Jan 12, 2024.
             The game lasted 02:50:58 (39803 turns).

Pooter the Executioner (Minotaur Berserker)        Turns: 39803, Time: 02:50:59

Health: 0/160      AC: 39    Str: 24    XL:     17   Next: 65%
Magic:  16/16      EV: 19    Int:  9    God:    Trog [*****.]
Gold:   1731       SH:  5    Dex: 28    Spells: 16/16 levels left

rFire   + . .        a - +6 battleaxe (heavy)
rCold   . . .        (shield currently unavailable)
rNeg    . . .        B - +17 plate armour of Darkness {Dex+5}
rPois   .            k - +1 hat {Stlth+}
rElec   +            c - +0 cloak
rCorr   .            e - +0 pair of fencer's gloves {Riposte Dex+3}
SInv    .            s - +1 pair of boots "Luoph" {rElec Int+3}
Will    +++..        Q - amulet of reflection Stlth
                     P - ring of poison resistance
HPRegen 1.46/turn    F - ring "Guaj" {rF+ Dex+6}
MPRegen 0.15/turn

%: reflection
@: lethally poisoned (0 -> -32), about to teleport, strong-willed, poison
vulnerable, regenerating
A: horns 2, retaliatory headbutt
a: Renounce Religion, Berserk, Trog's Hand, Brothers in Arms


You were on level 4 of the Snake Pit.
You worshipped Trog.
Trog was extremely pleased with you.
You visited 4 branches of the dungeon, and saw 26 of its levels.
You also visited: Ossuary and Ice Cave.

You collected 3233 gold pieces.
You spent 1502 gold pieces at shops.

Inventory:

Hand Weapons
 a - a +6 heavy battleaxe (weapon)
   (Trog gifted it to you on level 4 of the Snake Pit)
 b - a +2 arbalest of flaming
   (You took it off a naga sharpshooter on level 2 of the Snake Pit)
 R - a +0 broad axe of flaming
   (You acquired it on level 10 of the Dungeon)
 T - a +2 antimagic executioner's axe
   (Trog gifted it to you on level 1 of the Snake Pit)
Missiles
 l - 4 atropa-tipped darts
 J - 13 boomerangs (quivered)
 K - 7 curare-tipped darts
 L - a throwing net {!f}
Armour
 c - a +0 cloak (worn)
   (You found it on level 7 of the Dungeon)
 e - the +0 pair of fencer's gloves (worn) {Riposte Dex+3}
   (You bought it in a shop on level 10 of the Dungeon)

   Riposte:   It allows the wearer to riposte with melee weapons, swiftly
   retaliating against missed or blocked melee attacks.
   Dex+3:     It affects your dexterity (+3).
 k - a +1 hat of stealth (worn)
   (You found it on level 11 of the Dungeon)
 s - the +1 pair of boots "Luoph" (worn) {rElec Int+3}
   (You found it on level 1 of the Snake Pit)

   Int+3:     It affects your intelligence (+3).
   rElec:     It insulates you from electricity.
 A - a +3 chain mail of cold resistance
   (You found it on level 10 of the Dungeon)
 B - the +17 plate armour of Darkness (worn) {Dex+5}
   (You found it on level 5 of the Lair of Beasts)

   Dex+5:     It affects your dexterity (+5).
 X - a +2 pair of boots of rampaging
   (You found it in an ice cave)
Jewellery
 v - the ring of Xoefesug {Fly Dex+6}
   (You bought it in a shop on level 4 of the Snake Pit)

   [ring of flight]

   Dex+6:     It affects your dexterity (+6).
   Fly:       It grants you flight.
 F - the ring "Guaj" (right hand) {rF+ Dex+6}
   (You found it on level 7 of the Dungeon)

   [ring of dexterity]

   Dex+6:     It affects your dexterity (+6).
   rF+:       It protects you from fire.
 I - a ring of protection from cold
   (You took it off a salamander on level 3 of the Snake Pit)
 P - a ring of poison resistance (left hand)
   (You bought it in a shop on level 8 of the Dungeon)
 Q - an amulet of reflection (around neck)
   (You took it off a salamander on level 4 of the Snake Pit)
 S - a ring of see invisible
   (You found it on level 1 of the Dungeon)
 U - a ring of fire
   (You found it on level 2 of the Lair of Beasts)
Wands
 d - a wand of iceblast (10)
   (You took it off Pikel on level 8 of the Dungeon)
 f - a wand of flame (13)
   (You found it on level 10 of the Dungeon)
 u - a wand of paralysis (26)
   (You found it on level 2 of the Lair of Beasts)
 w - a wand of mindburst (9)
   (You found it on level 5 of the Dungeon)
 D - a wand of digging (17)
   (You found it in an ice cave)
 O - a wand of light (11)
   (You found it on level 10 of the Dungeon)
 W - a wand of polymorph (11)
   (You found it on level 2 of the Lair of Beasts)
Scrolls
 i - 3 scrolls of identify {@r1}
 j - 4 scrolls of noise {!r}
 o - 6 scrolls of fear
 p - 3 scrolls of revelation
 t - 2 scrolls of teleportation {@r4}
 z - 4 scrolls of poison {!r}
 E - 5 scrolls of vulnerability {!r}
 G - 3 scrolls of blinking
 V - 3 scrolls of butterflies
 Y - a scroll of immolation {!r}
 Z - 2 scrolls of fog
Potions
 g - 2 potions of haste {@q3}
 h - 8 potions of lignification {!q}
 m - a potion of enlightenment
 n - a potion of mutation {!q}
 q - 2 potions of invisibility
 r - a potion of resistance
 y - 9 potions of curing {@q1}
 C - 7 potions of attraction {!q}
 H - 2 potions of might
 M - 6 potions of ambrosia
 N - a potion of heal wounds {@q2}
Miscellaneous
 x - a lightning rod (4/4) {!a}
   (You found it on level 1 of the Snake Pit)


   Skills:
 + Level 16.6 Fighting
 * Level 23.4 Axes
 - Level 18.0 Ranged Weapons
 + Level 13.4 Armour
 - Level 14.5 Dodging
 + Level 9.3 Evocations


You had 16 spell levels left.
You didn't know any spells.
Your spell library was empty.

Dungeon Overview and Level Annotations

Branches:
Dungeon (15/15) Zot: 25756  Temple (0/1) D:7            Lair (5/5) D:8 Zot: 21877
 Shoals (0/4) Lair:2        Snake (4/4) Lair:2 Zot: 17137   Slime (0/5) Lair:4
    Orc (2/2) D:10 Zot: 7151     Elf (0/3) Orc:2        Vaults (0/5) D:13
 Depths (0/4) D:15        Ossuary (visited)           IceCv (visited)

Altars:
Cheibriados
Dithmenos
Elyvilon
Hepliaklqana
Makhleb
Nemelex Xobeh
Okawaru
Ru
Wu Jian
Yredelemnul
Jiyva

Shops:
D:8 =   D:10 [   D:12 ((   Orc:2 [:**   Snake:2 :   Snake:4 =*

Portals:
Hell: Lair:5
Trove: D:13 (give 2 scrolls of acquirement)

Annotations:
Lair:1 3 runed translucent doors, Cistriuss's ghost, journeyman DgFi; Hefiv's ghost, novice GnCK; Zacwowae's ghost, journeyman MiFi
Lair:4 exclusion: orange crystal statue
Snake:4 Vashnia


Innate Abilities, Weirdness & Mutations

You have a pair of horns on your head.
You reflexively headbutt those who attack you in melee.


Message History

The naga sharpshooter casts a spell.
The naga sharpshooter magically shoots an arrow.
You block the arrow with an invisible shield... and reflect it back!
Items here: )) [[[.
Unknown command.
As you read the scroll of teleportation {@r4}, it crumbles to dust.
You feel strangely unstable.
You feel extremely sick.
* * * LOW HITPOINT WARNING * * *
You are more poisoned.
* * * LOW HITPOINT WARNING * * *
You are more poisoned.
A nagaraja comes into view. It is wielding a +0 spear.
The naga sharpshooter unwields a +0 mace.
The naga sharpshooter wields a +4 longbow.
The naga sharpshooter casts a spell.
The naga sharpshooter magically shoots an arrow.
The arrow barely misses you. The naga closely misses you.
You furiously retaliate!
You headbutt the naga.
You riposte.
You cut the naga into ribbons!!!
You kill the naga!
Trog accepts your kill.
You chop Vashnia into pieces!!!
You hear a shout! x2
You are too injured to fight recklessly!
You barely miss Vashnia.
You hit the naga ritualist but do no damage.
* * * LOW HITPOINT WARNING * * *
You feel extremely sick.
* * * LOW HITPOINT WARNING * * *
You are lethally poisoned!
* * * LOW HITPOINT WARNING * * *
You are more poisoned.
Vashnia says, "Hold still for a moment.
You're making this shot difficult."
Vashnia unwields a +3 long sword of protection.
Vashnia wields a +0 longbow.
Vashnia shoots an arrow.
The arrow hits you!
* * * LOW HITPOINT WARNING * * *
The naga sharpshooter shoots a bolt.
The bolt barely misses you.
The naga sharpshooter mumbles some strange words.
The naga sharpshooter magically shoots an arrow.
The arrow hits you!
* * * LOW HITPOINT WARNING * * *
The nagaraja gestures wildly while chanting.
The nagaraja seems to speed up.
Unknown command.
You slash Vashnia! You headbutt Vashnia, but do no damage.
You closely miss the naga ritualist.
* * * LOW HITPOINT WARNING * * *
You feel extremely sick.
You die...

.##.########.#.).#.###.)).....###
)##..<# #...#.#.#.#...#)######.#
.####### #.###.#.....###)####....
.......# #.# #.#####.# #........#
.......# #.###.# #.# ##########
.......# #..)..#####.# # .......#
####[..)).).# # .......#
####))#### .......# ##)@N.##
.......# #NN)...# ########
#.NN##.N.# #.N.## #...# #.^.#
#...# #.NN# #...# #...N ....
....N N.. .. ..


You could see Vashnia, 2 nagarajas, 5 naga sharpshooters, a salamander and 2
naga ritualists.

Vanquished Creatures
  Mara (Snake:4)
  Rupert (Lair:3)
  The ghost of Wyifuy the Slayer, an adept MiFi of Okawaru (Snake:1)
  Agnes (Snake:4)
  Kirke (Lair:5)
  Aizul (Snake:1)
  5 nagarajas (Snake:4)
  A stone giant (D:15)
  A dire elephant (Lair:5)
  Azrael (D:13)
  Snorg (D:14)
  An ettin (D:10)
  5 vault guards (D:13)
  4 salamander tyrants
  4 ogre magi (Orc:2)
  A hell beast (Lair:5)
  6 centaur warriors
  8 hydras
  11 anacondas
  16 two-headed ogres
  3 boulder beetles
  10 death yaks
  Erica (Orc:1)
  12 naga warriors
  2 tengu warriors (D:15)
  8 naga sharpshooters
  Sonja (Orc:1)
  A skyshark (Lair:5)
  4 shock serpents
  7 salamander mystics
  10 mana vipers
  5 large abominations (D:10)
  Pikel (D:8)
  2 arcanists
  6 naga ritualists
  An orc knight (Orc:1)
  The ghost of SuperJoe the Digger, a novice DrHW (D:7)
  9 ugly things
  3 deep elf pyromancers
  An orc sorcerer (Orc:1)
  28 salamanders
  2 cyclopes
  3 manticores
  A moth of wrath (Snake:1)
  12 elephants
  4 guardian serpents
  16 naga magi
  25 black mambas
  A smoke demon (Lair:5)
  3 meliai (D:14)
  3 ice statues (IceCv)
  2 centaur zombies (D:10)
  Joseph (D:8)
  A torpor snail (Lair:5)
  3 orange demons (Lair:5)
  A cane toad (shapeshifter) (D:14)
  14 cane toads
  9 komodo dragons
  Jeremiah (D:8)
  An anaconda simulacrum (IceCv)
  A kobold demonologist (D:11)
  An efreet (D:14)
  15 rime drakes
  An ice devil (Lair:5)
  2 freezing wraiths (D:14)
  Psyche (D:8)
  A red devil (Lair:5)
  5 trolls
  A queen bee (Lair:2)
  A polar bear (Lair:4)
  Prince Ribbit (D:8)
  A hornet (D:8)
  14 dream sheep
  20 blink frogs
  12 slime creatures
  2 wraiths
  A wyvern (D:9)
  38 yaks
  5 fire elementals
  4 fire bats (D:9)
  6 humans (D:13)
  A dire elephant simulacrum (IceCv)
  A hog (Lair:5)
  13 steam dragons
  2 death yak simulacra (D:12)
  11 vampire mosquitoes
  5 basilisks
  42 nagas
  2 wargs
  5 acid dragons
  17 water moccasins
  8 hell hounds
  4 ice beasts
  2 sky beasts
  9 orc warriors
  4 laughing skulls
  2 black bears
  19 centaurs
  7 small abominations (D:10)
  4 wolves (Lair:2)
  33 ogres
  A phantom (D:6)
  A lemure (D:8)
  2 kobold brigands
  A gnoll sergeant (D:11)
  15 bullfrogs
  2 necrophages (D:10)
  A scorpion (D:5)
  2 two-headed ogre simulacra (D:12)
  15 wights
  33 killer bees
  An elephant simulacrum (IceCv)
  5 howler monkeys
  2 quasits (D:7)
  5 lava snakes
  5 bombardier beetles
  A human zombie (D:10)
  13 orc priests
  2 hounds
  3 jellies
  4 sleepcaps
  3 gnoll boudas
  3 iguanas
  2 troll simulacra (D:12)
  14 orc wizards
  A polar bear simulacrum (IceCv)
  A spriggan simulacrum (D:12)
  5 wolf simulacra (IceCv)
  A human simulacrum (D:13)
  11 mummies
  A howler monkey zombie (D:10)
  12 gnolls
  A naga simulacrum (D:12)
  11 adders
  A shadow imp (D:6)
  A white imp (D:6)
  3 ribbon worms
  3 dart slugs
  49 orcs
  A bat (D:1)
  5 endoplasms
  2 giant cockroaches (D:1)
  2 gnoll zombies (Ossuary)
  8 goblins
  3 hobgoblins
  4 jackals
  A quokka (D:4)
  7 ball pythons
  5 frilled lizards
  2 hobgoblin zombies (Ossuary)
  14 kobolds
  2 kobold zombies (Ossuary)
  2 orc zombies (Ossuary)
  8 rats
917 creatures vanquished.

Vanquished Creatures (others)
  A vault guard (D:13)
  2 humans (Lair:5)
  A naga (Snake:3)
  A human simulacrum (D:13)
5 creatures vanquished.

Grand Total: 922 creatures vanquished

Notes
Turn   | Place    | Note
-------+----------+-------------------------------------------
     0 | D:1      | Pooter the Minotaur Berserker began the quest for the Orb.
     0 | D:1      | Reached XP level 1. HP: 19/19 MP: 0/0
   172 | D:1      | Reached skill level 4 in Axes
   191 | D:1      | Reached XP level 2. HP: 24/27 MP: 1/1
  1011 | D:2      | Reached XP level 3. HP: 23/33 MP: 2/2
  1098 | D:2      | Reached skill level 5 in Axes
  1303 | D:2      | Reached ** piety under Trog
  1530 | D:2      | Found a faded altar of an unknown god.
  2073 | D:3      | Reached XP level 4. HP: 40/41 MP: 3/3
  2255 | D:3      | Reached skill level 1 in Ranged Weapons
  2402 | D:3      | Noticed an ogre
  2411 | D:3      | Killed an ogre
  2412 | D:3      | Reached XP level 5. HP: 47/47 MP: 4/4
  2533 | D:3      | Noticed an ice beast
  2540 | D:3      | Killed an ice beast
  2541 | D:3      | Reached skill level 5 in Fighting
  2541 | D:3      | Reached skill level 6 in Axes
  3200 | D:3      | Found a faded altar of an unknown god.
  3204 | D:3      | Found a white marble altar of Elyvilon.
  3403 | D:4      | Reached XP level 6. HP: 56/56 MP: 5/5
  3974 | D:4      | Reached skill level 7 in Axes
  4133 | D:5      | Entered Level 5 of the Dungeon
  4142 | D:5      | Reached XP level 7. HP: 61/61 MP: 6/6
  4304 | D:5      | Reached skill level 5 in Ranged Weapons
  4561 | D:5      | Reached skill level 8 in Axes
  4589 | D:5      | Reached XP level 8. HP: 45/70 MP: 7/7
  5034 | D:6      | Reached skill level 9 in Axes
  5562 | D:6      | Found an ornate altar of the Wu Jian Council.
  5774 | D:6      | Reached XP level 9. HP: 73/79 MP: 8/8
  5777 | D:6      | Reached skill level 10 in Axes
  6116 | D:6      | Reached *** piety under Trog
  6205 | D:6      | Found a shadowy altar of Dithmenos.
  6650 | D:7      | Found a sand-covered staircase.
  6697 | Ossuary  | Entered an ossuary
  6960 | Ossuary  | Identified a scroll of acquirement
  6961 | Ossuary  | Acquired a manual of Dodging
  6985 | D:7      | Upgraded the game from 0.31-a0-1611-g890cdf5628 to
                  | 0.31-a0-1612-g4aaf141004
  7071 | D:7      | Found a transporter.
  7074 | D:7      | Noticed SuperJoe's ghost (novice DrHW)
  7078 | D:7      | Found a transporter.
  7088 | D:7      | Killed SuperJoe's ghost
  7089 | D:7      | Reached skill level 11 in Axes
  7131 | D:7      | Identified the ring "Guaj" {rF+ Dex+6}
  7216 | D:7      | Found a staircase to the Ecumenical Temple.
  7923 | D:7      | Reached XP level 10. HP: 66/90 MP: 9/9
  8103 | D:7      | Found a hazy altar of Hepliaklqana.
  8116 | D:7      | Found a snail-covered altar of Cheibriados.
  8176 | D:7      | Found a sparkling altar of Nemelex Xobeh.
  8490 | D:7      | Found a sacrificial altar of Ru.
  8928 | D:8      | Found Uplo's Jewellery Boutique.
  8936 | D:8      | Bought a ring of poison resistance for 300 gold pieces
  8938 | D:8      | Found an iron altar of Okawaru.
  9112 | D:8      | Noticed Jeremiah
  9141 | D:8      | Killed Jeremiah
  9248 | D:8      | Reached skill level 5 in Dodging
  9250 | D:8      | Noticed Joseph
  9259 | D:8      | Killed Joseph
  9260 | D:8      | Reached skill level 12 in Axes
  9260 | D:8      | Reached skill level 10 in Ranged Weapons
  9457 | D:8      | Noticed Prince Ribbit
  9461 | D:8      | Found a burning altar of Makhleb.
  9466 | D:8      | Killed Prince Ribbit
  9478 | D:8      | Noticed Psyche
  9490 | D:8      | Killed Psyche
  9514 | D:8      | Found a staircase to the Lair.
  9514 | D:8      | Noticed a two-headed ogre
  9604 | D:8      | Killed a two-headed ogre
  9692 | D:8      | Noticed Pikel
  9706 | D:8      | Killed Pikel
  9707 | D:8      | Reached skill level 13 in Axes
 10146 | D:9      | Reached XP level 11. HP: 61/97 MP: 10/10
 11182 | D:10     | Entered Level 10 of the Dungeon
 11230 | D:10     | Found Yfexih's Armour Boutique.
 11235 | D:10     | Found a staircase to the Orcish Mines.
 11483 | D:10     | Reached skill level 10 in Fighting
 11533 | D:10     | Bought the +0 pair of fencer's gloves {Riposte Dex+3} for
                  | 520 gold pieces
 11533 | D:10     | Found the +0 pair of fencer's gloves {Riposte Dex+3}
 11829 | D:10     | Noticed an arcanist
 11834 | D:10     | Killed an arcanist
 11990 | D:10     | Noticed a large abomination
 11990 | D:10     | Noticed a large abomination
 11990 | D:10     | Noticed a large abomination
 12001 | D:10     | Killed a large abomination
 12004 | D:10     | Reached skill level 14 in Axes
 12015 | D:10     | Killed a large abomination
 12026 | D:10     | Killed a large abomination
 12149 | D:10     | Acquired a +0 broad axe of flaming
 12588 | D:10     | Reached **** piety under Trog
 12664 | D:10     | Reached skill level 15 in Axes
 12664 | D:10     | Reached XP level 12. HP: 107/108 MP: 11/11
 12700 | D:10     | Found a basalt altar of Yredelemnul.
 12983 | Lair:1   | Entered Level 1 of the Lair of Beasts
 13546 | Lair:1   | Reached skill level 10 in Dodging
 13845 | Lair:1   | Reached skill level 16 in Axes
 13974 | Lair:1   | Found a runed translucent gate.
 13974 | Lair:1   | Found a runed translucent gate.
 13974 | Lair:1   | Found a runed translucent gate.
 13979 | Lair:1   | Noticed Cistriuss's ghost (journeyman DgFi)
 13979 | Lair:1   | Noticed Hefiv's ghost (novice GnCK)
 13980 | Lair:1   | Noticed Zacwowae's ghost (journeyman MiFi)
 14288 | Lair:2   | Upgraded the game from 0.31-a0-1612-g4aaf141004 to
                  | 0.31-a0-1616-gbeaec30b81
 14460 | Lair:2   | Found a staircase to the Shoals.
 14558 | Lair:2   | Noticed a six-headed hydra
 14568 | Lair:2   | Killed a three-headed hydra
 14781 | Lair:2   | You fall into a shaft and drop 1 floor!
 14847 | Lair:3   | Noticed a four-headed hydra
 14854 | Lair:3   | Killed a two-headed hydra
 14855 | Lair:3   | Reached skill level 17 in Axes
 15193 | Lair:2   | Reached ***** piety under Trog
 15428 | Lair:2   | Reached skill level 18 in Axes
 15603 | Lair:2   | Found a staircase to the Snake Pit.
 15809 | Lair:3   | Reached XP level 13. HP: 101/117 MP: 12/12
 16275 | Lair:3   | Reached skill level 1 in Evocations
 17043 | Lair:4   | Reached skill level 19 in Axes
 17081 | Lair:4   | Reached skill level 15 in Ranged Weapons
 17110 | Lair:4   | Found a viscous altar of Jiyva.
 17111 | Lair:4   | Found a staircase to the Slime Pits.
 17239 | Lair:4   | Noticed Rupert
 17265 | Lair:3   | Killed Rupert
 18411 | Lair:5   | Entered Level 5 of the Lair of Beasts
 18423 | Lair:4   | Received a gift from Trog
 18780 | Lair:5   | Reached skill level 20 in Axes
 18894 | Lair:5   | Reached XP level 14. HP: 101/127 MP: 13/13
 19194 | Lair:5   | Found a burning altar of Makhleb.
 19225 | Lair:5   | Noticed Kirke
 19242 | Lair:5   | Killed Kirke
 19243 | Lair:5   | HP: 2/129 [poisoned by a cane toad]
 20147 | Lair:5   | Found a gateway to Hell.
 20154 | Lair:5   | Identified the +17 plate armour of Darkness {Dex+5}
 20649 | Lair:4   | Reached skill level 5 in Evocations
 21335 | Orc:1    | Entered Level 1 of the Orcish Mines
 21363 | Orc:1    | Noticed Sonja
 21380 | Orc:1    | Killed Sonja
 21391 | D:10     | HP: 1/130 [ettin/+0 dire flail (22)]
 21393 | D:10     | Reached skill level 5 in Armour
 21832 | Orc:1    | Noticed Erica
 21839 | Orc:1    | Killed Erica
 21903 | Orc:1    | You fall into a shaft and drop 1 floor!
 21903 | Orc:2    | Entered Level 2 of the Orcish Mines
 21996 | Orc:2    | Found a staircase to the Elven Halls.
 23645 | Orc:2    | Reached XP level 15. HP: 138/138 MP: 14/14
 23948 | Orc:2    | Reached skill level 21 in Axes
 26362 | Orc:2    | Found Gamiusuc's Assorted Antiques.
 26362 | Orc:2    | Found Wacaisiz's General Store.
 26363 | Orc:2    | Found Bum Aclo's Book Shoppe.
 26363 | Orc:2    | Found Ejiclida's Armour Shop.
 26371 | Orc:2    | Bought a scroll of identify for 24 gold pieces
 26378 | Orc:2    | Bought an arbalest for 139 gold pieces
 27029 | D:11     | You fall into a shaft and drop 2 floors!
 27481 | D:12     | Found a frozen archway.
 27502 | D:12     | Found Uca Ypt's Antique Weapon Shop.
 27666 | IceCv    | Entered an ice cave
 28485 | D:12     | Found Xumeuv Lavuu's Weapon Emporium.
 29768 | D:13     | Found a portal to a secret trove of treasure.
 29768 | D:13     | Noticed Azrael
 29782 | D:13     | Killed Azrael
 29912 | D:13     | Found a gate to the Vaults.
 29929 | D:13     | Identified the +5 tower shield of Pako {+Blink rCorr}
 30710 | D:14     | Noticed Snorg
 30725 | D:14     | Killed Snorg
 31658 | D:15     | Entered Level 15 of the Dungeon
 31682 | D:14     | Upgraded the game from 0.31-a0-1616-gbeaec30b81 to
                  | 0.31-a0-1626-g5cb510d322
 31940 | D:15     | Reached skill level 10 in Armour
 31994 | D:15     | Found a staircase to the Depths.
 32067 | D:15     | Reached skill level 15 in Fighting
 32084 | D:15     | Reached XP level 16. HP: 149/149 MP: 15/15
 32979 | Snake:1  | Entered Level 1 of the Snake Pit
 33321 | Snake:1  | Received a gift from Trog
 33432 | Snake:1  | Found a transporter.
 33447 | Snake:1  | Noticed Wyifuy's ghost (adept MiFi)
 33455 | Snake:1  | Found a transporter.
 33483 | Snake:1  | Identified the serpent talisman of the Buccaneer {rC+ rN+
                  | Dex+3}
 33483 | Snake:1  | Noticed Aizul
 33488 | Snake:1  | Killed Wyifuy's ghost
 33518 | Snake:1  | Identified the +1 pair of boots "Luoph" {rElec Int+3}
 33614 | Snake:1  | Killed Aizul
 34435 | Snake:2  | Reached skill level 22 in Axes
 34740 | Snake:2  | Found an ornate altar of the Wu Jian Council.
 35770 | Snake:2  | Found Patar's Self-Published Books.
 37016 | Snake:3  | Reached XP level 17. HP: 158/158 MP: 16/16
 37486 | Snake:4  | Entered Level 4 of the Snake Pit
 37510 | Snake:4  | Found Sokkeal's Assorted Antiques.
 37531 | Snake:4  | Found Nafaez's Jewellery Shop.
 37552 | Snake:4  | Bought the ring of Xoefesug {Fly Dex+6} for 519 gold pieces
 37566 | Snake:4  | Noticed Agnes
 37574 | Snake:4  | Killed Agnes
 38633 | Snake:4  | Reached skill level 23 in Axes
 38930 | Snake:4  | Noticed Mara
 38960 | Snake:4  | Killed Mara
 39768 | Snake:4  | Received a gift from Trog
 39792 | Snake:4  | Noticed Vashnia
 39803 | Snake:4  | HP: 2/160 [poisoned by a naga ritualist (toxic radiance)]
 39803 | Snake:4  | Killed from afar by a naga ritualist

Illustrated notes

Levels and vault maps discovered:
D:1:      dpeg_arrival_rooms_b, layout_loops_corners, minmay_misc_feat_enclosed,
          minmay_misc_feat_x
D:2:      layout_basic, shapermc_ecumenical_altar_mp_vishouse
D:3:      layout_basic, nicolae_overflow_ecumenical_swirl
D:4:      layout_loops_ring, minmay_distorted
D:5:      layout_basic
D:6:      minmay_inner_zag, layout_gridville,
          mainiacjoe_overflow_six_doors_small, mainiacjoe_overflow_catwalk,
          minmay_quadrilaterals
D:7:      layout_basic, lemuel_round_altar, slow_altar_2,
          mainiacjoe_overflow_catwalk_spiral, minmay_temple_entry_stoned_glass,
          gammafunk_ghost_stat_death, gup_ossuary_entry_pyramid
D:8:      layout_loops_ring, mainiacjoe_overflow_surrounded_room,
          okawaru_ov_weapons_minmay, dpeg_oklobed_lair, serial_shops, shop,
          minmay_misc_feat_rugged, uniq_pikel, uniq_jeremiah, uniq_psyche,
          uniq_joseph, uniq_prince_ribbit1
D:9:      layout_roguey, hangedman_incinerator
D:10:     layout_roguey, lemuel_mausoleum_altar_yredelemnul, orc_david_3,
          hangedman_decor_points, laboratory
D:11:     layout_basic, serial_corexii_hall, corexii_hall_statues_deadend,
          chequers_hall_statues_y, corexii_hall_statues_l
D:12:     layout_cave_pools, serial_park, serial_park_tiny_1,
          serial_park_square2, serial_park_paths [serial_park_minivault_5x5_8],
          portal_ice_cave_entry_ice_simulacra, serial_shops, shop, shop
D:13:     layout_loops_ring, ximxim_vaults_locker_room, enter_trove_2,
          minmay_misc_feat_nine_boxes, bh_circular_ruins, uniq_azrael
D:14:     layout_basic, roderic_serpentine_path, uniq_snorg
D:15:     grunt_enter_depths_snipers, layout_stronghold,
          roderic_lattice_octagonal_star, serial_column_ruins,
          column_ruins_open_small, column_ruins_grid_4, column_ruins_grid_1,
          column_ruins_open_small, column_ruins_columns_corner,
          column_ruins_open_tiny
Lair:1:   layout_chaotic_city, gammafunk_ghost_cemetery
Lair:2:   layout_gridlike, minmay_shoals_entry_centaurs,
          nicolae_snake_entry_squirm, special_room [special_room_bee],
          infiniplex_staircase_pool
Lair:3:   layout_gridlike, bobbens_dragon_lair_wall
Lair:4:   layout_loops_ring, slime_entry_1, disabler_island, uniq_rupert
Lair:5:   evil_forest, layout_cave_pods, uniq_kirke
Snake:1:  layout_basic, gammafunk_ghost_berserking_beasts, lemuel_fruit_tree,
          uniq_aizul
Snake:2:  layout_onion, basic_altar, nicolae_custom_books
Snake:3:  layout_misc_corridors, nicolae_snake_slithery_corners
Snake:4:  johnstein_snake_rune_scales, layout_basic, minmay_shop_star,
          uniq_agnes, uniq_vashnia, uniq_mara
Orc:1:    layout_caves, basic_altar, uniq_sonja, uniq_erica
Orc:2:    st_orc_ogre_mass, layout_diamond_mine

Skill      XL: |  1  2  3  4  5  6  7  8  9 10 11 12 13 14 15 16 17 |
---------------+----------------------------------------------------+-----
Axes           | 4 5 6 7 8 9 11 13 15 18 20 21 22 23 | 23.4
Fighting       | 4 5 6 7 8 9 10 11 12 14 15 16 | 16.6
Ranged Weapons | 2 3 4 5 7 9 11 12 14 15 16 18 | 18.0
Dodging        | 4 7 9 10 12 14 | 14.5
Evocations     | 3 5 7 8 9 |  9.3
Armour         | 6 10 12 13 | 13.4

Action                     |  1- 3 |  4- 6 |  7- 9 | 10-12 | 13-15 | 16-18 || total
---------------------------+-------+-------+-------+-------+-------+-------++-------
  Melee: Hand axe          |    76 |    66 |       |       |       |       ||   142
         Headbutt          |    12 |    18 |    50 |    94 |   200 |   127 ||   501
         Punch             |     1 |       |       |       |       |       ||     1
         War axe           |       |    26 |     2 |       |       |       ||    28
         Battleaxe         |       |       |   229 |   365 |   655 |    63 ||  1312
         Unarmed           |       |       |       |    21 |     5 |       ||    26
         Broad axe         |       |       |       |     6 |    34 |       ||    40
         Executioner's axe |       |       |       |       |       |   315 ||   315
   Fire: Sling             |    16 |    17 |    24 |       |       |       ||    57
         Orcbow            |       |       |    41 |   175 |   297 |       ||   513
         Arbalest          |       |       |       |       |   132 |   234 ||   366
  Throw: Stone             |    11 |     9 |     5 |       |       |       ||    25
         Dart              |       |       |       |     5 |     8 |       ||    13
         Boomerang         |       |       |       |       |    35 |     5 ||    40
 Invoke: Berserk           |       |     3 |     6 |    10 |     9 |     5 ||    33
         Trog's Hand       |       |     4 |     6 |    15 |    33 |    14 ||    72
  Evoke: Wand              |       |       |       |     6 |     9 |     1 ||    16
    Use: Scroll            |     1 |     5 |     7 |    19 |    10 |     6 ||    48
         Potion            |       |       |       |     4 |    13 |     3 ||    20
   Stab: Sleeping          |     1 |       |       |       |       |       ||     1
         Invisible         |       |       |       |     1 |     7 |       ||     8
         Paralysed         |       |       |       |       |     2 |       ||     2
 Armour: Animal skin       |    35 |       |       |       |       |       ||    35
         Scale mail        |    11 |    24 |       |       |       |       ||    35
         Chain mail        |       |    26 |   252 |   277 |   213 |       ||   768
         Skin              |       |       |       |     5 |     1 |       ||     6
         Plate armour      |       |       |       |       |   287 |   356 ||   643
  Dodge: Dodged            |    46 |    32 |   138 |   282 |   539 |   407 ||  1444
  Block: Other             |       |       |       |       |       |    28 ||    28
         Reflection        |       |       |       |       |       |     5 ||     5
Riposte: Battleaxe         |       |       |       |    50 |   107 |    11 ||   168
         Broad axe         |       |       |       |       |     4 |       ||     4
         Executioner's axe |       |       |       |       |       |    53 ||    53

Table legend: (Time is in decaauts)
 A = Elapsed time spent in this place.
 B = Non-inter-level travel time spent in this place.
 C = Inter-level travel time spent in this place.
 D = Time resting spent in this place.
 E = Time spent auto-exploring this place.
 F = Levels seen in this place.
 G = Mean time per level.
                   A        B        C        D        E       F      G
               +--------+--------+--------+--------+--------+-----+--------+
         Total |  39880 |  38825 |   1055 |  14892 |  17679 |  28 | 1424.3 |
       Dungeon |  19167 |  18539 |    628 |   5689 |   9779 |  15 | 1277.8 |
          Lair |   8123 |   7822 |    301 |   2549 |   3934 |   5 | 1624.6 |
     Snake Pit |   6861 |   6813 |     48 |   2607 |   3154 |   4 | 1715.2 |
  Orcish Mines |   4848 |   4772 |     76 |   3684 |    620 |   2 | 2424.0 |
       Ossuary |    291 |    291 |      0 |      0 |    167 |   1 |  291.0 |
      Ice Cave |    588 |    588 |      0 |    361 |     24 |   1 |  588.0 |
               +--------+--------+--------+--------+--------+-----+--------+

Top non-repeatable levels by time:
   Orc:2: 4339 daAuts
  Lair:5: 2652 daAuts
    D:10: 2098 daAuts
     D:7: 1955 daAuts
 Snake:4: 1915 daAuts
     D:8: 1865 daAuts
 Snake:2: 1809 daAuts
 Snake:3: 1796 daAuts
    D:13: 1713 daAuts
  Lair:3: 1561 daAuts
    D:14: 1467 daAuts
     D:3: 1415 daAuts
  Lair:2: 1403 daAuts
 Snake:1: 1340 daAuts
  Lair:4: 1288 daAuts
